Map: Abyssal Reef LE

Players

Optimus - Winner!

  • Race: Terran Terran
  • Spawn Location: 5:00

Majestic

  • Race: Protoss Protoss
  • Spawn Location: 11:00

Event: WCS Valencia 2017

VOD

Have the link to the VOD?

Description

Time

  • Played on: July 13, 2017, 9:58 a.m.
  • Length: 13:18

All games in this series

Show
View Real Time Build Order
Export as new Build Order

Optimus Terran - Winner!

Build Orders: Cyclone Opening, Reaper Expand, MMM Bio 

Get SALT Encoding   

  12  0:01  SCV  
  13  0:14  SCV  
  14  0:18  Supply Depot  
  14  0:26  SCV  
  15  0:29  Refinery  
  15  0:39  SCV  
  16  0:45  Barracks  
  16  0:51  SCV  
  17  1:03  SCV  
  18  1:16  SCV  
  19  1:32  Orbital Command  
  19  1:33  Reaper  
  20  1:48  Command Center  
  20  1:58  SCV  
  21  2:04  Factory  
  21  2:08  Barracks Reactor  
  21  2:11  SCV  
  22  2:16  Supply Depot  
  22  2:23  Refinery  
  22  2:24  SCV  
  23  2:38  SCV  
  23  2:44  Marine x2  
  24  2:48  Cyclone  
  24  2:50  SCV  
  30  3:01  Marine  
  30  3:02  Marine, SCV  
  30  3:05  Orbital Command  
  33  3:14  SCV  
  33  3:17  Engineering Bay  
  34  3:28  Cyclone  
  34  3:29  Cyclone  
  34  3:30  Marine  
  41  3:37  Supply Depot  
  41  3:38  SCV  
  41  3:41  SCV  
  43  3:46  Missile Turret  
  43  3:49  Missile Turret  
  43  3:52  SCV  
  44  3:57  SCV  
  45  4:04  Marine x2, SCV  
  45  4:07  Supply Depot  
  45  4:08  Widow Mine  
  51  4:16  SCV  
  51  4:21  Barracks  
  51  4:23  Barracks  
  50  4:27  Marine x2  
  50  4:28  SCV  
  50  4:31  SCV  
  54  4:37  Supply Depot  
  53  4:40  SCV, Factory Tech Lab  
  53  4:43  SCV  
  53  4:45  Marine x2  
  57  4:53  SCV  
  57  4:55  SCV  
  59  5:05  SCV, Barracks x2, Refinery, Terran Infantry Weapons Level 1  
  60  5:11  Barracks Reactor  
  60  5:12  Marine x2  
  62  5:14  SCV  
  62  5:17  Factory Tech Lab, Supply Depot  
  62  5:18  Stimpack  
  62  5:19  SCV  
  64  5:25  Marine  
  64  5:26  SCV  
  66  5:30  Marine  
  66  5:32  SCV  
  66  5:34  Starport  
  68  5:38  Siege Tank, SCV  
  72  5:43  Marine, Supply Depot  
  72  5:44  Marine  
  72  5:46  SCV  
  75  5:50  SCV  
  75  5:52  Barracks Reactor  
  75  5:54  Barracks Tech Lab  
  72  5:58  SCV  
  72  6:02  SCV  
  72  6:03  Marine x2  
  70  6:10  SCV  
  61  6:14  SCV  
  49  6:18  Marine  
  49  6:23  Marine  
  48  6:27  SCV  
  48  6:30  Siege Tank  
  48  6:31  Starport Reactor  
  48  6:32  Marine x2  
  53  6:37  Combat Shields  
  53  6:38  SCV  
  53  6:39  SCV  
  54  6:41  Marauder, Barracks Tech Lab  
  54  6:42  Marine  
  54  6:45  Marauder, Marine  
  57  6:54  SCV, Marine  
  57  6:55  Marine  
  57  6:56  SCV  
  57  6:57  Medivac  
  57  6:59  Medivac  
  65  7:04  Siege Tank  
  65  7:07  SCV  
  69  7:09  Supply Depot  
  69  7:10  Marine  
  69  7:12  Marine  
  69  7:14  SCV  
  72  7:18  Marine  
  72  7:21  Marauder  
  74  7:24  Marauder, Marine  
  74  7:26  SCV  
  78  7:33  Medivac  
  78  7:34  Medivac  
  78  7:35  Marine  
  78  7:36  Marine  
  82  7:38  Marine  
  82  7:40  Concussive Shells  
  84  7:45  Supply Depot  
  84  7:47  Marauder  
  84  7:49  Marine, Supply Depot  
  86  8:06  Siege Tank, Marine x4, SCV, Supply Depot  
  86  8:11  Marine x2, SCV  
  97  8:18  Marauder, SCV  
  99  8:20  Liberator  
  99  8:21  Terran Infantry Armor Level 1  
  99  8:24  Marine  
  99  8:26  Marauder  
  102  8:27  Supply Depot  
  102  8:28  SCV  
  102  8:29  Marine x2  
  108  8:52  Marine x3  
  108  8:53  Marauder x2  
  115  9:00  Siege Tank, Liberator  
  112  9:03  Supply Depot  
  112  9:04  Marine x2  
  114  9:15  Marine  
  114  9:16  Supply Depot  
  115  9:17  Command Center  
  118  9:24  Marine x2  
  120  9:33  Marine x2  
  120  9:38  Marauder x2, Marine  
  125  9:39  Siege Tank  
  125  9:42  Marine x2  
  127  9:51  Marine  
  127  9:52  Marauder  
  130  9:59  Marauder  
  124  10:03  Marauder, Marine x2  
  124  10:05  Marine  
  128  10:07  Command Center  
  128  10:09  Marine  
  128  10:10  Medivac  
  128  10:13  Supply Depot  
  128  10:14  Marauder  
  124  10:23  Marine x2  
  124  10:27  Marine x2  
  120  10:29  Marauder  
  120  10:35  Marine  
  121  10:38  Siege Tank  
  121  10:41  Marine x2  
  124  10:44  Marauder  
  124  10:48  Marine  
  125  10:52  Marine  
  125  10:56  Medivac  
  125  11:02  Medivac  
  123  11:06  Marine x3  
  126  11:12  Marauder  
  126  11:14  Marine  
  124  11:19  Marauder  
  124  11:22  Marine  
  125  11:33  Marine  
  125  11:34  Marine  
  129  11:41  Orbital Command  
  129  11:46  Siege Tank  
  122  11:56  Marine  
  123  12:02  Medivac x2  
  123  12:06  Orbital Command  
  123  12:07  Marauder, Marine x2  
  125  12:10  Marine x2  
  125  12:22  Marauder  
  108  12:31  Marauder x2  
  108  12:32  Medivac  
  100  12:45  SCV  
  100  12:48  SCV  
  102  12:57  SCV  
  103  12:59  Marine  
Show
View Real Time Build Order
Export as new Build Order

Majestic Protoss 

Build Orders: 1 Gate Expand, Oracle Opening 

Get SALT Encoding   

  12  0:00  Probe (Chrono Boost)  
  13  0:11  Probe (Chrono Boost)  
  14  0:17  Pylon  
  14  0:22  Probe (Chrono Boost)  
  15  0:36  Probe (Chrono Boost)  
  15  0:37  Gateway  
  16  0:46  Probe (Chrono Boost)  
  16  0:49  Assimilator  
  18  0:57  Probe (Chrono Boost)  
  18  1:07  Probe (Chrono Boost)  
  19  1:18  Probe (Chrono Boost)  
  20  1:27  Nexus  
  20  1:37  Cybernetics Core  
  20  1:41  Probe (Chrono Boost)  
  20  1:46  Assimilator  
  21  1:52  Probe (Chrono Boost)  
  22  1:56  Pylon  
  22  2:02  Probe (Chrono Boost)  
  23  2:13  Warp Gate  
  23  2:14  Probe  
  23  2:15  Adept (Chrono Boost)  
  26  2:27  Probe  
  27  2:30  Stargate  
  27  2:39  Probe  
  27  2:40  Probe  
  28  2:48  Adept (Chrono Boost)  
  28  2:51  Probe x2  
  32  3:01  Probe  
  32  3:03  Probe  
  34  3:12  Probe  
  34  3:14  Adept (Chrono Boost)  
  34  3:15  Probe, Oracle (Chrono Boost)  
  41  3:22  Probe  
  42  3:27  Probe  
  42  3:33  Probe  
  43  3:34  Gateway  
  43  3:36  Gateway  
  43  3:39  Probe  
  43  3:41  Pylon  
  45  3:43  Probe  
  46  3:57  Probe  
  46  3:58  Pylon  
  46  3:59  Probe, Oracle (Chrono Boost)  
  51  4:03  Pylon  
  51  4:07  Mothership Core  
  53  4:11  Probe  
  54  4:23  Probe  
  55  4:26  Probe, Nexus  
  56  4:35  Stalker  
  58  4:40  Assimilator  
  58  4:42  Assimilator  
  58  4:43  Pylon  
  58  4:44  Probe  
  58  4:45  Probe  
  58  4:46  Stalker x2  
  62  4:54  Probe  
  62  4:57  Probe  
  62  4:58  Pylon  
  64  5:01  Stalker  
  66  5:11  Stalker x2  
  70  5:14  Nexus  
  70  5:20  Pylon  
  70  5:25  Twilight Council  
  70  5:26  Sentry  
  72  5:28  Forge  
  72  5:29  Probe  
  72  5:30  Probe  
  72  5:34  Pylon  
  74  5:36  Stalker  
  74  5:42  Probe, Stalker  
  78  5:44  Probe  
  80  5:58  Stalker  
  82  6:06  Probe  
  82  6:08  Probe  
  82  6:09  Oracle (Chrono Boost)  
  82  6:10  Protoss Ground Weapons Level 1  
  84  6:13  Stalker x2  
  84  6:17  Charge (Chrono Boost)  
  84  6:18  Probe  
  75  6:20  Probe  
  69  6:26  Stalker  
  69  6:28  Probe  
  69  6:30  Probe  
  69  6:32  Probe  
  72  6:37  Gateway  
  72  6:38  Probe  
  72  6:39  Gateway  
  72  6:40  Gateway  
  72  6:41  Sentry x2  
  77  6:51  Pylon  
  77  6:54  Stalker  
  77  6:58  Oracle  
  77  6:59  Gateway  
  77  7:01  Photon Cannon, Gateway  
  77  7:03  Probe x2  
  77  7:05  Stalker  
  77  7:06  Probe  
  82  7:14  Stalker  
  84  7:16  Photon Cannon  
  84  7:24  Probe x2  
  84  7:25  Probe  
  84  7:26  Robotics Facility  
  87  7:34  Probe  
  87  7:36  Nexus  
  88  7:41  Stalker x3  
  94  7:45  Sentry  
  94  7:48  Zealot x2  
  100  7:53  Pylon  
  100  7:54  Pylon  
  100  8:04  Pylon x2  
  100  8:05  Zealot x3  
  106  8:09  Stalker x3  
  106  8:12  Stalker x2  
  116  8:16  Oracle  
  116  8:27  Assimilator  
  116  8:28  Protoss Ground Armor Level 1  
  116  8:29  Zealot x3, Assimilator  
  116  8:32  Zealot x3  
  128  8:41  Warp Prism  
  128  8:44  Photon Cannon  
  128  8:45  Probe  
  128  8:46  Probe x2  
  133  8:49  Zealot x2  
  133  8:50  Zealot  
  132  8:56  Zealot x2  
  134  9:07  Photon Cannon  
  134  9:08  Photon Cannon  
  134  9:16  Zealot x3  
  134  9:17  Zealot, Observer  
  143  9:27  Pylon  
  143  9:28  Templar Archives  
  143  9:30  Pylon  
  143  9:36  Pylon  
  140  9:47  Zealot x4  
  140  9:48  Zealot x2  
  140  9:49  Zealot x2  
  120  10:08  Zealot x3, High Templar  
  120  10:09  Zealot x3  
  120  10:10  Zealot  
  118  10:24  Immortal (Chrono Boost)  
  108  10:29  High Templar x4  
  108  10:30  Zealot x2, High Templar  
  122  10:35  Archon  
  122  10:36  Archon x2  
  122  10:39  Nexus  
  122  10:41  Pylon  
  122  10:42  Zealot  
  122  10:51  Zealot x2  
  122  10:54  Pylon  
  122  10:55  Pylon  
  120  11:02  Zealot  
  120  11:03  Zealot x3, Stalker  
  128  11:06  Blink  
  124  11:13  High Templar x2  
  124  11:17  Archon  
  125  11:34  Zealot x3  
  125  11:35  Zealot x2  
  135  11:40  Zealot  
  135  11:52  Zealot x2  
  116  11:57  Stalker x2  
  116  11:58  Stalker x2  
  116  12:01  Zealot  
  118  12:09  Zealot  
  118  12:14  Zealot x2  
  123  12:22  High Templar  
  124  12:31  High Templar  
  124  12:43  Archon  
  116  12:47  Assimilator  
  101  12:53  Zealot, Assimilator, High Templar x3  
  101  12:57  Pylon x2, Archon  
  101  12:58  Pylon  
Tags
 
Add a new tag
Caveats
  • Supply blocks, unpowered buildings, or Contaminate may cause inaccurate times.
  • Supply counts are checked every 10 seconds.